 Dungeon Crawl Stone Soup version 0.27.1 (webtiles) character file.

Game seed: 4693630223370983669

459 acemry the Destroyer (level 6, -6/32 HPs)
             Began as a Deep Elf Conjurer on Sept 3, 2021.
             Mangled by an iguana (12 damage)
             ... on level 4 of the Dungeon.
             The game lasted 00:07:19 (4513 turns).

acemry the Destroyer (Deep Elf Conjurer)            Turns: 4513, Time: 00:07:19

Health: -6/32      AC:  2    Str:  4    XL:     6   Next: 78%
Magic:  1/12       EV: 12    Int: 25    God:
Gold:   136        SH:  0    Dex: 13    Spells: 8/11 levels left

rFire    . . .     SeeInvis .   m - +1 long sword (vamp)
rCold    . . .     Faith    .   (no shield)
rNeg     . . .     Spirit   .   a - +0 robe
rPois    .         Reflect  .   (no helmet)
rElec    .         Harm     .   (no cloak)
rCorr    .         Rampage  .   (no gloves)
Will     .....                  (no boots)
Stlth    ++........             (no amulet)
HPRegen  0.10/turn              (no ring)
MPRegen  0.13/turn              (no ring)

@: no status effects
A: no striking features
a: no special abilities


You were on level 4 of the Dungeon.
You visited 1 branch of the dungeon, and saw 4 of its levels.

You collected 136 gold pieces.

Inventory:

Hand Weapons
 c - a +0 dagger of freezing
 k - a +0 dagger of draining
 m - a +1 vampiric long sword (weapon)
Missiles
 e - 20 poisoned darts
Armour
 a - a +0 robe (worn)
Wands
 i - a wand of flame (14)
Potions
 b - 2 potions of attraction {unknown}
 d - 3 potions of curing {unknown}
 f - a potion of haste {unknown}
 g - a potion of heal wounds {unknown}
 h - a potion of brilliance {unknown}
 j - 2 potions of ambrosia {unknown}
 n - a potion of flight {unknown}


   Skills:
 - Level 2.4 Dodging
 - Level 2.4 Stealth
 - Level 3.0 Spellcasting
 * Level 9.0 Conjurations


You had 8 spell levels left.
You knew the following spells:

 Your Spells              Type           Power      Damage    Failure   Level
a - Magic Dart            Conj           100%       1d8       1%          1
b - Searing Ray           Conj           98%        3d7       1%          2

Your spell library contained the following spells:

 Spells                   Type           Power      Damage    Failure   Level
 Dazzling Flash           Conj/Hex       52%        N/A       4%          3
 Fulminant Prism          Conj/Hex       13%        3d9       16%         4
 Iskenderun's Mystic Bla  Conj/Tloc      26%        2d7       16%         4


Dungeon Overview and Level Annotations

Branches:
Dungeon (4/15)
 Temple: D:4-7

Altars:
Okawaru
Yredelemnul


Message History

You don't have enough magic to cast this spell.
Casting: Magic Dart (safe; 1% risk of failure)
Confirm with . or Enter, or press ? or * to list all spells.
Aiming: Magic Dart (safe; 1% risk of failure)
Press: ? - help, Shift-Dir - straight line, f/p - iguana
Aim: an iguana (moderately wounded, 100% to hit)
The magic dart hits the iguana but does no damage.
The iguana is moderately wounded.
You hit the iguana.
You feel better.
The iguana is heavily wounded.
The iguana closely misses you.
You hit the iguana.
You feel better.
The iguana is heavily wounded.
The iguana barely misses you. The iguana bites you!
You hit the iguana.
You feel better.
The iguana is severely wounded.
The iguana bites you but does no damage.
Casting: Magic Dart (safe; 1% risk of failure)
Confirm with . or Enter, or press ? or * to list all spells.
Aiming: Magic Dart (safe; 1% risk of failure)
Press: ? - help, Shift-Dir - straight line, f/p - iguana
Aim: an iguana (severely wounded, 100% to hit)
The magic dart hits the iguana.
The iguana is severely wounded.
The iguana bites you!
You barely miss the iguana.
The iguana is severely wounded.
The iguana misses you. The iguana bites you.
* * * LOW HITPOINT WARNING * * *
You see here a giant cockroach corpse.
Aiming: Throw Flame
Press: ? - help, Shift-Dir - straight line, f/p - iguana
Aim: an iguana (severely wounded, 72% to hit)
That beam is likely to hit you.
Continue anyway?
Okay, then.
Aiming: Throw Flame
Press: ? - help, Shift-Dir - straight line, f/p - iguana
Aim: an iguana (severely wounded, 72% to hit)
The puff of flame misses the iguana.
The iguana bites you!
You die...

...........# ####....
........#####.......
##..#.#.##....##....
###.....#.##.##.......
#.........#..#...#....
#.#._.#.†##.##.#)#....
#..............#.#....
##...l......####.#.###
#...@....### #)#...)
#.......#######)#.###
#.......###.......#
#........#......##.#
..........#...#####.##
#.#.......##.###
##...## . ....########
##.....# ..#..
#....... #.....(.


You could see an iguana.

Vanquished Creatures
  A phantom (D:4)
  A scorpion (D:4)
  2 orc priests (D:4)
  A hound (D:4)
  A centaur skeleton (D:4)
  Terence (D:3)
  A hound skeleton (D:4)
  3 adders (D:2)
  7 gnolls (D:4)
  A worm (D:3)
  4 dart slugs
  4 orcs
  3 ball pythons
  5 bats
  5 endoplasms
  5 giant cockroaches
  9 goblins
  4 hobgoblins
  3 frilled lizards
  6 kobolds
  A quokka skeleton (D:4)
  6 rats
74 creatures vanquished.

Vanquished Creatures (others)
  4 fungi (D:2)
  4 plants (D:2)
8 creatures vanquished.

Grand Total: 82 creatures vanquished

Notes
Turn   | Place    | Note
-------+----------+-------------------------------------------
     0 | D:1      | acemry the Deep Elf Conjurer began the quest for the Orb.
     0 | D:1      | Reached XP level 1. HP: 10/10 MP: 6/6
   390 | D:1      | Reached skill level 5 in Conjurations
   390 | D:1      | Reached XP level 2. HP: 15/15 MP: 4/8
   434 | D:1      | Learned a level 2 spell: Searing Ray
  1244 | D:2      | Reached XP level 3. HP: 19/19 MP: 6/9
  1996 | D:2      | Found a faded altar of an unknown god.
  2149 | D:2      | Reached skill level 6 in Conjurations
  2181 | D:2      | Reached XP level 4. HP: 24/24 MP: 7/10
  2467 | D:3      | Noticed Terence
  2477 | D:3      | Killed Terence
  3440 | D:4      | Noticed a phantom
  3448 | D:4      | Killed a phantom
  3449 | D:4      | Reached skill level 7 in Conjurations
  3449 | D:4      | Reached XP level 5. HP: 12/28 MP: 2/11
  3931 | D:4      | Reached skill level 8 in Conjurations
  3931 | D:4      | Reached XP level 6. HP: 32/32 MP: 8/12
  4218 | D:4      | Found an iron altar of Okawaru.
  4412 | D:4      | Found a basalt altar of Yredelemnul.
  4491 | D:4      | Reached skill level 9 in Conjurations
  4513 | D:4      | Mangled by an iguana

Illustrated notes

Levels and vault maps discovered:
D:1:      ncdulo_lavacross, layout_loops_corners
D:2:      layout_basic, dreamdust_ecumenical_altar_hidden_monk_grotto,
          interstate_on_off
D:3:      layout_loops_ring, feat_on_display, uniq_terence
D:4:      layout_rooms, mainiacjoe_overflow_tiny_flanked,
          okawaru_ov_weapons_minmay

Skill      XL: |  1  2  3  4  5  6 |
---------------+-------------------+-----
Conjurations   | 5 6 7 8 9 |  9.0
Dodging        | |  2.4
Stealth        | |  2.4
Spellcasting   | |  3.0

Action                   |  1- 3 |  4- 6 || total
-------------------------+-------+-------++-------
Melee: Dagger            |     1 |       ||     1
       Long sword        |       |     4 ||     4
 Cast: Magic Dart        |    59 |    85 ||   144
       Searing Ray       |       |     5 ||     5
Evoke: Wand              |       |     1 ||     1
  Use: Scroll            |     2 |     4 ||     6
Armor: Robe              |     1 |     4 ||     5
Dodge: Dodged            |     5 |    15 ||    20
       Rpst.: Long sword |       |     1 ||     1
